 Dungeon Crawl Stone Soup version 0.23-a0-636-g0ff6057 (webtiles) character file.

263 Matador8 the Charmwright (level 5, 0/61 HPs)
             Began as a Draconian Skald on Dec 28, 2018.
             Slain by a centaur (2 damage)
             ... on level 3 of the Dungeon.
             The game lasted 00:16:00 (3384 turns).

Matador8 the Charmwright (Draconian Skald)          Turns: 3384, Time: 00:16:01

Health: 0/61       AC: 22    Str: 13 (14) XL:     5   Next: 98%
Magic:  5/8        EV:  2    Int: 11 (13) God:
Gold:   132        SH:  0    Dex: 10 (11) Spells: 2/8 levels left

rFire    . . .     SeeInvis .   e - +0 whip
rCold    . . .     Gourm    .   (no shield)
rNeg     + + +     Faith    .   (armour unavailable)
rPois    +         Spirit   .   (helmet currently unavailable)
rElec    .         Reflect  .   (cloak currently unavailable)
rCorr    .         Harm     .   (gloves currently unavailable)
MR       .....     NoTele   +   (boots currently unavailable)
Stlth    +.........             (no amulet)
HPRegen  0.20/turn              (no ring)
MPRegen  0.11/turn              (no ring)

@: tree-form, shrouded, very slightly contaminated
A: unfitting armour, AC +5
a: no special abilities


You were on level 3 of the Dungeon.
You were hungry.
You were a tree.
You visited 1 branch of the dungeon, and saw 3 of its levels.

You collected 132 gold pieces.

Inventory:

Hand Weapons
 a - a +0 mace
 e - a +0 whip (weapon)
 q - a +2 long sword of pain
Missiles
 d - 9 poisoned needles
Jewellery
 b - an uncursed ring of flight {unknown}
 j - a +2 ring of slaying {unknown}
Scrolls
 l - a scroll of magic mapping {unknown}
 n - a scroll of identify
 o - a scroll of blinking {unknown}
 p - a scroll of teleportation {unknown}
Comestibles
 c - 12 rations
 h - 5 chunks of flesh


   Skills:
 - Level 2.1 Fighting
 + Level 4.6 Maces & Flails
 - Level 2.1 Dodging
 - Level 2.0 Spellcasting
 + Level 4.7 Charms


You had 2 spell levels left.
You knew the following spells:

 Your Spells              Type           Power        Failure   Level  Hunger
a - Infusion              Chrm           ##..         4%          1    ##.....
b - Shroud of Golubria    Chrm/Tloc      #.........   17%         2    ###....
c - Spectral Weapon       Hex/Chrm       #.......     32%         3    ####...

Your spell library contained the following spells:

 Spells                   Type           Power        Failure   Level  Hunger
 Song of Slaying          Chrm           ##......     6%          2    ###....
 Regeneration             Chrm/Necr      #.........   32%         3    ####...


Dungeon Overview and Level Annotations

Branches:
Dungeon (3/15)

Altars:
Yredelemnul


Innate Abilities, Weirdness & Mutations

((Your plain brown scales are hard. (AC +5)))
You cannot fit into any form of body armour.
((You are cold-blooded and may be slowed by cold attacks.))


Message History

* * * LOW HITPOINT WARNING * * *
You hit the centaur.
The centaur is moderately wounded.
The centaur hits you but does no damage.
You hit the centaur.
The centaur is heavily wounded.
The centaur hits you but does no damage.
A goblin comes into view. It is wielding a +0 club.
The goblin shouts!
You hit the centaur.
The centaur is severely wounded.
The centaur completely misses you.
The centaur hits you but does no damage.
You hit the centaur.
The centaur is almost dead.
The centaur drinks a potion.
The centaur is healed!
You hit the centaur.
The centaur is lightly wounded.
The goblin hits you but does no damage. The centaur hits you.
You die...

#.##.#.# #.#####÷# ##.....#
#.......# #...<.# ####..÷##
#.....# ......#..######## #.c(..#
####.......>....## #.....#
.########..#..#####...##
#.....###...<.§§.§...... ##.....
#.............#§#§§#.###...>.....
#.######### #.§g♣§§§.....########
#÷# #.#c#§§#.### # ### #.#
#.§§.§§#.# .... #.#########
###.##...# #### #.........#
#.##>#(# #.#######.# #.##.#.#
#.#######.# ##.##.#.###
#.........####...#.#...# #### #
########.............#.# #..###


You could see a centaur (inner flame) and a goblin.

Vanquished Creatures
  A bullfrog (D:3)
  An orc priest (D:3)
  7 adders
  3 oozes (D:3)
  3 dart slugs
  A worm (D:1)
  4 leopard geckos
  8 orcs
  5 bats
  8 giant cockroaches
  6 goblins
  12 hobgoblins
  4 jackals (D:1)
  2 quokkas
  6 frilled lizards
  3 kobolds
  8 rats
82 creatures vanquished.

Notes
Turn   | Place    | Note
-------+----------+-------------------------------------------
     0 | D:1      | Matador8 the Draconian Skald began the quest for the Orb.
     0 | D:1      | Reached XP level 1. HP: 17/17 MP: 3/3
    54 | D:1      | Reached XP level 2. HP: 23/24 MP: 5/5
    83 | D:1      | Learned a level 2 spell: Shroud of Golubria
   799 | D:1      | Reached XP level 3. HP: 23/29 MP: 3/6
  1528 | D:2      | Reached XP level 4. HP: 18/36 MP: 4/7
  1974 | D:3      | Learned a level 3 spell: Spectral Weapon
  2516 | D:3      | Reached XP level 5. HP: 34/41 MP: 5/8
  2553 | D:3      | Noticed a centaur
  3204 | D:3      | Found a basalt altar of Yredelemnul.
  3379 | D:3      | HP: 1/61 [centaur (6)]
  3384 | D:3      | Slain by a centaur

Vault maps used:
D:1:      erik_arrival_triangle_large, roderic_serpentine_path
D:3:      lemuel_round_altar

Skill      XL: |  1  2  3  4  5 |
---------------+----------------+-----
Charms         | 3 4 |  4.7
Maces & Flails | 3 4 |  4.6
Fighting       | |  2.1
Dodging        | |  2.1
Spellcasting   | |  2.0

Action                   |  1- 3 |  4- 6 || total
-------------------------+-------+-------++-------
Melee: Mace              |    55 |       ||    55
       Tailslap          |    20 |    21 ||    41
       Whip              |   115 |   226 ||   341
 Cast: Shroud of Golubri |     5 |    18 ||    23
       Infusion          |       |     5 ||     5
  Use: Scroll            |       |     5 ||     5
       Potion            |       |     2 ||     2
  Eat: Chunk             |     2 |     8 ||    10
Armor: Skin              |    55 |    71 ||   126
Dodge: Dodged            |   135 |   145 ||   280

Table legend:
 A = Non-vault XP
 B = Vault XP
 C = Vault XP percentage of total XP
 D = Non-vault monster count
 E = Vault monster count
 F = Vault count percentage of total count
                 A         B        C        D         E       F
            +---------+---------+-------+---------+---------+-------
      Total |     377 |       0 |   0.0 |      82 |       0 |   0.0
            +---------+---------+-------+---------+---------+-------
        D:1 |      56 |       0 |   0.0 |      28 |       0 |   0.0
        D:2 |      88 |       0 |   0.0 |      21 |       0 |   0.0
        D:3 |     233 |       0 |   0.0 |      33 |       0 |   0.0
            +---------+---------+-------+---------+---------+-------
